 Dungeon Crawl Stone Soup version 0.21-a0-156-g77413b7 (webtiles) character file.

176 HitlerSphincter the Slasher (level 5, 0/40 HPs)
             Began as a Merfolk Gladiator on Aug 3, 2017.
             Slain by a gnoll
             ... wielding a +0 whip
              (1 damage)
             ... on level 3 of the Dungeon.
             The game lasted 00:02:48 (2744 turns).

HitlerSphincter the Slasher (Merfolk Gladiator)     Turns: 2744, Time: 00:02:48

Health: 0/40       AC:  4    Str: 15    XL:     5   Next: 56%
Magic:  5/5        EV: 16    Int:  8    God:
Gold:   170        SH:  0    Dex: 15    Spells: 4/4 levels left

rFire    + . .     SeeInvis .   a - +0 long sword
rCold    . . .     Gourm    .   (no shield)
rNeg     . . .     Faith    .   b - +0 leather armour
rPois    +         Spirit   .   c - +0 helmet
rElec    .         Reflect  .   (no cloak)
rCorr    .         Harm     .   (no gloves)
MR       .....                  (no boots)
Stlth    ++........             (no amulet)
HPRegen  0.13/turn              h - +2 ring of evasion
MPRegen  0.09/turn              (no ring)

@: no status effects
A: change form in water, swift swim, stealthy swim, blurry vision 1, fire
resistance 1, poison resistance
a: no special abilities


You were on level 3 of the Dungeon.
You were not hungry.

You visited 1 branch of the dungeon, and saw 6 of its levels.

You collected 170 gold pieces.

Inventory:

Hand Weapons
 a - a +0 long sword (weapon)
Armour
 b - a +0 leather armour (worn)
 c - a +0 helmet (worn)
Jewellery
 h - a +2 ring of evasion (left hand)
Wands
 f - a wand of lightning (8/15)
Scrolls
 d - a scroll of recharging {unknown}
 e - 2 scrolls of identify {unknown}
 g - 3 scrolls of teleportation {unknown}
 k - 2 scrolls of remove curse {unknown}
 m - 2 scrolls of amnesia {unknown}
Comestibles
 i - 3 bread rations
 l - 2 fruits
 n - 2 royal jellies


   Skills:
 + Level 2.9 Fighting
 + Level 5.1 Long Blades
 + Level 2.0 Throwing
 + Level 1.2 Armour
 + Level 4.9 Dodging
 + Level 1.2 Stealth


You had 4 spell levels left.
You didn't know any spells.

Dungeon Overview and Level Annotations

Branches:
Dungeon (6/15)
 Temple: D:4-7

Altars:


Innate Abilities, Weirdness & Mutations

You revert to your normal form in water.
You are very nimble and swift while swimming.
You are very stealthy in the water. (Stealth+)
Scrolls take you a little longer to read.
Your flesh is heat resistant. (rF+)
Your system is resistant to poisons. (rPois)


Message History

The gnoll hits you with a whip.
* * * LOW HITPOINT WARNING * * *
You closely miss the gnoll.
The gnoll is heavily wounded.
The gnoll closely misses you. The gnoll barely misses you.
You riposte.
You hit the gnoll.
The gnoll is almost dead.
You hit the gnoll but do no damage.
The gnoll is almost dead.
The gnoll hits you with a whip!
* * * LOW HITPOINT WARNING * * *
You hit the gnoll but do no damage.
The gnoll is almost dead.
The gnoll completely misses you. The gnoll hits you with a whip.
* * * LOW HITPOINT WARNING * * *
You aren't carrying any potions.
You barely miss the gnoll.
The gnoll is almost dead.
The gnoll hits you but does no damage. The gnoll hits you with a whip.
You die...

#...# # #.#.#
#. #.#.#
#.##.#.##
###.......####
ggg..........+
#....#
#####.#.##
#.@gg...#
#.###.#.# #.#
#.#.### #+#
#.# #.....#
#.# #.#
###.#.# #.#
#.#
#.#(#######.#
#..
..#.#.##..>..
###
####....#.....
#..........


You could see 2 gnolls.

Vanquished Creatures
  Crazy Yiuf (D:2)
  A gnoll shaman (D:3)
  Jessica (D:2)
  A gnoll (D:3)
  2 adders (D:2)
  An adder zombie (D:5)
  A worm (D:4)
  2 dart slugs
  An orc (D:3)
  6 bats (D:2)
  4 giant cockroaches
  8 goblins
  5 hobgoblins
  3 quokkas (D:2)
  A ball python (D:1)
  6 frilled lizards
  6 kobolds
  5 rats
55 creatures vanquished.

Notes
Turn   | Place    | Note
-------+----------+-------------------------------------------
     0 | D:1      | HitlerSphincter the Merfolk Gladiator began the quest for the Orb.
     0 | D:1      | Reached XP level 1. HP: 16/16 MP: 1/1
   434 | D:1      | Reached XP level 2. HP: 15/22 MP: 2/2
  1137 | D:2      | Found a runed door.
  1310 | D:2      | Reached XP level 3. HP: 28/28 MP: 3/3
  1359 | D:2      | Reached skill level 4 in Long Blades
  1446 | D:2      | Noticed Jessica
  1452 | D:2      | Killed Jessica
  1452 | D:2      | Reached XP level 4. HP: 19/34 MP: 4/4
  2130 | D:2      | Noticed Crazy Yiuf
  2131 | D:2      | Gained mutation: Scrolls take you a little longer to read. [potion of mutation]
  2131 | D:2      | Gained mutation: Your flesh is heat resistant. (rF+) [potion of mutation]
  2131 | D:2      | Gained mutation: Your system is resistant to poisons. (rPois) [potion of mutation]
  2141 | D:2      | Killed Crazy Yiuf
  2141 | D:2      | Reached XP level 5. HP: 33/40 MP: 5/5
  2572 | D:3      | You fall through a shaft for 3 floors!
  2598 | D:6      | Noticed a sky beast
  2603 | D:5      | Entered Level 5 of the Dungeon
  2614 | D:5      | Noticed a phantom
  2637 | D:4      | Reached skill level 1 in Stealth
  2721 | D:3      | Reached skill level 5 in Long Blades
  2721 | D:3      | Reached skill level 1 in Armour
  2743 | D:3      | HP: 1/40 [gnoll/whip (2)]
  2744 | D:3      | Slain by a gnoll

Vault maps used:
D:1:      scummos_arrival_hexagon
D:2:      uniq_jessica, uniq_crazy_yiuf_cottage
D:3:      first_bread, serial_forest, infiniplex_forest_end_double,
          infiniplex_forest_clump_tiny, infiniplex_forest_lined_room_3,
          infiniplex_forest_clump_long, infiniplex_forest_straight_2,
          infiniplex_forest_clump_curved, infiniplex_forest_lined_room_2,
          infiniplex_forest_clump_diagonal, minmay_distorted
D:4:      okawaru_gym_becter, uniq_natasha, uniq_robin
D:5:      minmay_diamond_boxcup, minmay_temple_entry_trees,
          roderic_three_in_a_row, uniq_blork_the_orc
D:6:      serial_shops, nicolae_shop_stone

Skill      XL: |  1  2  3  4  5 |
---------------+----------------+-----
Long Blades    | 4 5 |  5.1
Stealth        | 1 |  1.2
Armour         | 1 |  1.2
Fighting       | |  2.9
Throwing       | |  2.0
Dodging        | |  4.9

Action                   |  1- 3 |  4- 6 || total
-------------------------+-------+-------++-------
Melee: Long sword        |    76 |    79 ||   155
  Use: Potion            |     2 |     3 ||     5
 Stab: Sleeping          |     1 |     1 ||     2
  Eat: Bread ration      |     2 |       ||     2
Armor: Leather armour    |    11 |    11 ||    22
Dodge: Dodged            |    47 |    80 ||   127
       Rpst.: Long sword |    19 |    27 ||    46
